 Dungeon Crawl Stone Soup version 0.30-a0-553-g7fabdf1491 (webtiles) character file.

Game seed: 8559042167107789757

23 arthad the Digger (level 2, -2/16 HPs)
             Began as a Gargoyle Earth Elementalist on Dec 26, 2022.
             Killed from afar by an orc wizard (6 damage)
             ... with a magic dart
             ... on level 2 of the Dungeon.
             The game lasted 00:02:10 (839 turns).

arthad the Digger (Gargoyle Earth Elementalist)      Turns: 839, Time: 00:02:10

Health: -2/16      AC:  4    Str: 11    XL:     2   Next: 95%
Magic:  3/5        EV: 16    Int: 15    God:
Gold:   75         SH:  0    Dex: 10    Spells: 4/5 levels left

rFire   . . .      SeeInvis .    g - +2 spear (freeze)
rCold   + . .      Faith    .    (no shield)
rNeg    + . .      Spirit   .    a - +0 robe
rPois   ∞          Reflect  .    (no helmet)
rElec   +          Harm     .    (no cloak)
rCorr   .          Rampage  .    (no gloves)
Will    .....                    (no boots)
Stlth   ++                       (no amulet)
HPRegen 0.22/turn                e - +4 ring of evasion
MPRegen 0.09/turn                j - ring of protection from cold

@: no status effects
A: sickness immunity, AC +2, negative energy resistance 1, electricity
resistance, torment resistance 1, petrification resistance
a: no special abilities


You were on level 2 of the Dungeon.
You visited 1 branch of the dungeon, and saw 2 of its levels.

You collected 75 gold pieces.

Inventory:

Hand Weapons
 g - a +2 spear of freezing (weapon)
Armour
 a - a +0 robe (worn)
Jewellery
 e - a +4 ring of evasion (left hand)
 j - a ring of protection from cold (right hand)
Scrolls
 c - a scroll of vulnerability {unknown}
 d - 2 scrolls of fog {unknown}
 h - a scroll of teleportation {unknown}
 i - a scroll of enchant weapon {unknown}
 m - a scroll of magic mapping {unknown}
Potions
 f - a potion of brilliance {unknown}
 k - a potion of curing {unknown}
 l - a potion of attraction {unknown}


   Skills:
 + Level 0.4 Fighting
 + Level 1.7 Dodging
 * Level 2.7 Stealth
 * Level 2.2 Spellcasting
 + Level 1.0 Transmutations
 * Level 4.0 Earth Magic


You had 4 spell levels left.
You knew the following spells:

 Your Spells              Type           Power      Damage    Failure   Level
a - Sandblast             Erth           26%        2d8       4%          1

Your spell library contained the following spells:

 Spells                   Type           Power      Damage    Failure   Level
 Passwall                 Tmut/Erth      7%         N/A       12%         2
 Stone Arrow              Conj/Erth      14%        3d7       28%         3
 Petrify                  Tmut/Erth      9%         N/A       58%         4


Dungeon Overview and Level Annotations

Branches:
Dungeon (2/15)

Altars:


Innate Abilities, Weirdness & Mutations

You are immune to sickness and miasma.
Your stone body is resilient. (AC +2)
You are immune to poison.
You resist negative energy. (rN+)
You are resistant to electric shocks. (rElec)
You are resistant to unholy torment.
You are immune to petrification.


Message History

You hit the giant cockroach. You freeze the giant cockroach.
You kill the giant cockroach!
The orc attacks as you move away! The orc hits you but does no damage.
You see here a giant cockroach corpse.
The blast of sand hits the orc.
The orc is almost dead.
The orc misses you. x2
The blast of sand hits the orc!
You kill the orc!
An orc comes into view. It is wielding a +0 club.
Your Transmutations skill increases to level 1!
The blast of sand hits the orc wizard but does no damage.
The orc wizard hits you but does no damage.
The orc wizard gestures wildly while chanting.
The orc wizard flickers and vanishes!
Deactivating autopickup; reactivate with Ctrl-A.
You hear an angry hiss.
Something hits you.
You hear a shout!
You are out of magic!
Magic courses through your body. Something completely misses you.
Aiming: Sandblast (safe; 4% risk of failure)
Press: ? - help, Q - select action Shift-Dir - straight line, f - rat
Aim: a rat (82% to hit)
The blast of sand hits something.
You hear some strange, mumbled words.
A puff of flame appears from out of thin air!
The puff of flame hits you!
Ouch! That really hurt!
* * * LOW HITPOINT WARNING * * *
Aiming: Sandblast (safe; 4% risk of failure)
Press: ? - help, Q - select action Shift-Dir - straight line, f/p - rat
Aim: a rat (82% to hit)
The blast of sand hits the orc!
You kill the orc!
Something barely misses you.
You hear some strange, mumbled words.
A magic dart appears from out of thin air!
The magic dart hits you.
You die...

#.#.# # #.#.#
####.###
#.#.#####....or.
#.#.......#
#######.# #$.r#
#r#.# #{#.#
#@#.. #.#### #.#
#># #.# #.# #.#
#..


You could see a rat.

Vanquished Creatures
  A dart slug (D:1)
  2 orcs (D:2)
  2 endoplasms (D:1)
  A giant cockroach (D:2)
  A goblin (D:1)
  A kobold (D:2)
  2 quokkas
  4 ball pythons (D:1)
  3 bats (D:1)
  3 frilled lizards
  2 rats (D:1)
22 creatures vanquished.

Notes
Turn   | Place    | Note
-------+----------+-------------------------------------------
     0 | D:1      | arthad the Gargoyle Earth Elementalist began the quest for
                  | the Orb.
     0 | D:1      | Reached XP level 1. HP: 10/10 MP: 3/3
   410 | D:1      | Reached XP level 2. HP: 15/15 MP: 1/5
   552 | D:1      | Reached skill level 4 in Earth Magic
   835 | D:2      | Reached skill level 1 in Transmutations
   839 | D:2      | Killed from afar by an orc wizard

Illustrated notes

Levels and vault maps discovered:
D:1:      psy_arrival_dodecagon, layout_basic
D:2:      layout_loops_ring, basic_altar, nicolae_ecumenical_lake_church

Skill      XL: |  1  2 |
---------------+-------+-----
Earth Magic    | 4 |  4.0
Transmutations | 1 |  1.0
Fighting       | |  0.4
Dodging        | |  1.7
Stealth        | |  2.7
Spellcasting   | |  2.2

Action                   || total
-------------------------++-------
Melee: Unarmed           ||     6
       Spear             ||     2
 Cast: Sandblast         ||    30
  Use: Potion            ||     1
Armor: Robe              ||     4
Dodge: Dodged            ||    13

Table legend: (Time is in decaauts)
 A = Elapsed time spent in this place.
 B = Non-inter-level travel time spent in this place.
 C = Inter-level travel time spent in this place.
 D = Time resting spent in this place.
 E = Time spent auto-exploring this place.
 F = Levels seen in this place.
 G = Mean time per level.
                   A        B        C        D        E       F      G
               +--------+--------+--------+--------+--------+-----+--------+
         Total |    852 |    835 |     17 |     37 |    683 |   2 |  426.0 |
       Dungeon |    852 |    835 |     17 |     37 |    683 |   2 |  426.0 |
               +--------+--------+--------+--------+--------+-----+--------+

Top non-repeatable levels by time:
     D:1: 760 daAuts
     D:2: 91 daAuts
